 Dungeon Crawl Stone Soup version 0.17.0-18-gaab0e96 (console) character file.

21 gw the Chucker (level 2, 0/25 HPs)
             Began as a Centaur Hunter on Nov 11, 2015.
             Succumbed to an adder's poison
             ... on level 2 of the Dungeon.
             The game lasted 00:01:09 (1077 turns).

gw the Chucker (Centaur Hunter)                     Turns: 1077, Time: 00:01:09

Health: 0/25       AC:  4    Str: 14    XL:     2   Next: 65%
Magic:  2/2        EV:  9    Int: 10    God:
Gold:   85         SH:  0    Dex:  9    Spells: 0 memorised, 1 level left

rFire  . . .     SeeInvis .     c - +0 short sword
rCold  . . .     Clarity  .     d - +0 leather armour
rNeg   . . .     SustAt   .     (no shield)
rPois  .         Gourm    .     (no helmet)
rElec  .         Spirit   .     (no cloak)
rCorr  .         Warding  .     (no gloves)
rMut   .         Stasis   .     (no barding)
MR     .....                    (no amulet)
Stlth  +.........               (no ring)
                                (no ring)

@: lethally poisoned (0 -> -3), very quick, not resistant to hostile
enchantments, very unstealthy
A: hooves 3, deformed body, speed 2, tough skin 3
a: no special abilities


You were on level 2 of the Dungeon.
You were not hungry.

You visited 1 branch of the dungeon, and saw 2 of its levels.

You collected 85 gold pieces.

Inventory:

Hand Weapons
 c - a +0 short sword (weapon)
Missiles
 b - 2 throwing nets
 f - 24 arrows
Armour
 d - a +0 leather armour (worn)
Comestibles
 e - a bread ration


   Skills:
 + Level 2.8 Fighting
 - Level 4.3 Throwing
 + Level 1.0 Armour
 - Level 1.3 Dodging
 - Level 0.5 Stealth


You had one spell level left.
You didn't know any spells.

Dungeon Overview and Level Annotations

Branches:
Dungeon (2/15)

Altars:


Innate Abilities, Weirdness & Mutations

You have hooves in place of feet.
Armour fits poorly on your strangely shaped body.
You cover ground very quickly.
You have extremely tough skin (AC +3).


Message History

The adder is almost dead.
You feel sick. The adder bites you.
Unknown command.
Unknown command.
Unknown command.
Unknown command.
FLEEEEING!
ATTACKING (-1,0)
You closely miss the adder. You kick the adder, but do no damage.
The adder is almost dead.
The adder closely misses you. x2
Unknown command.
Unknown command.
Unknown command.
Unknown command.
FLEEEEING!
ATTACKING (-1,0)
You closely miss the adder. Your kick misses the adder.
The adder is almost dead.
You die...

#####%..%..#
..##..####.###
.....## #%..######
.....#######......#
##......##
##.#.P7.#
#.####..###...?P7
.# #..#
##...?...7777.#
...#
###....P77PP.#.7
...#
##....ScP...7777
...#
#.....####7PPPP
#.## ##...## ....P.
#######?#####...P..
..............7
############<.#
##.# .# ..


You could see an adder.

Table legend:
 A = Turns spent in this place as a percentage of turns spent in the entire game.
 B = Non-inter-level travel turns spent in this place as a percentage of non-inter-level travel turns spent in the entire game.
 C = Inter-level travel turns spent in this place as a percentage of turns spent in this place.
 D = Turns resting spent in this place as a percentage of non-inter-level travel turns spent in this place.
 E = Turns spent auto-exploring this place as a percentage of non-inter-level travel turns spent in this place.
 F = Non-inter-level travel turns spent in this place divided by the number of levels of this place that you've seen.
                   A       B       C       D       E      F
               +-------+-------+-------+-------+-------+----------------------
         Total | 100.0 | 100.0 |   0.1 |   1.1 |   2.6 | 839.5
       Dungeon | 100.0 | 100.0 |   0.1 |   1.1 |   2.6 | 839.5
               +-------+-------+-------+-------+-------+----------------------

Table legend:
 A = Kills in this place as a percentage of kills in entire the game.
 B = Kills by you in this place as a percentage of kills by you in the entire game.
 C = Kills by friends in this place as a percentage of kills by friends in the entire game.
 D = Other kills in this place as a percentage of other kills in the entire game.
 E = Experience gained in this place as a percentage of experience gained in the entire game.
 F = Experience gained in this place divided by the number of levels of this place that you have seen.
                   A       B       C       D       E      F
               +-------+-------+-------+-------+-------+----------------------
         Total | 100.0 | 100.0 |  -nan |  -nan | 100.0 |  15.5
       Dungeon | 100.0 | 100.0 |  -nan |  -nan | 100.0 |  15.5
               +-------+-------+-------+-------+-------+----------------------

Vanquished Creatures
  A giant cockroach (D:1)
  3 goblins
  2 hobgoblins (D:1)
  7 bats
  4 giant newts (D:1)
  A kobold (D:2)
  6 rats
24 creatures vanquished.

Notes
Turn   | Place    | Note
--------------------------------------------------------------
     0 | D:1      | gw the Centaur Hunter began the quest for the Orb.
     0 | D:1      | Reached XP level 1. HP: 17/17 MP: 1/1
   483 | D:1      | Reached XP level 2. HP: 25/25 MP: 2/2
  1027 | D:2      | Reached skill level 1 in Armour
  1075 | D:2      | HP: 1/25 [adder (1)]
  1077 | D:2      | Succumbed to an adder's poison

Action                   || total
-------------------------++-------
Melee: Short sword       ||    88
Throw: Javelin           ||    30

Vault maps used:
D:1:      enne_arrival_octagon_isle
D:2:      vehumet_crystals, serial_forest, infiniplex_forest_lined_2,
          infiniplex_forest_clump_tiny, infiniplex_forest_end_2,
          infiniplex_forest_lined_4_way, infiniplex_forest_clump_small,
          infiniplex_forest_lined_3_way, infiniplex_forest_clump_tiny,
          infiniplex_forest_end_2, infiniplex_forest_end_2,
          infiniplex_forest_clump_diagonal
